AoeStats
← 体制少妇白洁

Arabia

505909035Analyzed
4v4 RM · 21d ago on Sep 11, 2026· 18m 36s· 8 players
Game mode
Random Map
Map size
Large (8 player)
Population
200
Speed
Normal
Resources
Standard
Victory
Conquest
Starting age
Dark Age
Ending age
Imperial Age
RankedLock teamsTeams togetherTeam positionsShared explorationLock speedFull tech treeHidden civsTurbo modeCheats
Victory
Defeat
🇭🇰 Berbers · Hong Kong SAR China
1511
+12
🇨🇳 Slavs · China
1493
+13
🇨🇳 Turks · China
1413
+16
🇺🇸 Britons · United States
1473
-18
🇱🇧 Ethiopians · Lebanon
1415
-15
🇩🇪 Koreans · Germany
1414
-15
🇬🇧 Vikings · United Kingdom
1362
-13
Chris Becker
6:04 Loom
8:48 Feudal Age
15:17 Scale Barding Armor
17:24 Forging
roguespoon
6:54 Loom
9:36 Feudal Age
10:10 Double-Bit Axe
18:08 Scale Barding Armor
Katnip
7:26 Loom
9:39 Feudal Age
12:14 Town Watch
13:28 Fletching
16:14 Padded Archer Armor
Citizen Snips
4:54 Loom
8:58 Feudal Age
9:45 Double-Bit Axe
11:41 Fletching
夫国之有民,犹水之有舟,停则以安,扰则以危
10:02 Feudal Age
9:50 Double-Bit Axe
10:46 Loom
15:49 Horse Collar
17:22 Wheelbarrow
21:05 Castle Age
YiTiaoQu
6:03 Loom
8:52 Feudal Age
12:59 Fletching
15:41 Double-Bit Axe
17:00 Padded Archer Armor
18:36 Wheelbarrow
体制少妇白洁
7:11 Loom
9:58 Feudal Age
10:56 Double-Bit Axe
12:59 Fletching
14:13 Horse Collar
cookie tin
6:38 Loom
9:02 Feudal Age
9:43 Double-Bit Axe
15:38 Scale Barding Armor
16:48 Forging
18:09 Bloodlines
19:45 Wheelbarrow
Connection lost

Rejoining the realm…

Still unreachable

The connection could not be restored.

Session expired

The server has moved on; the page needs a fresh start.